 Dungeon Crawl Stone Soup version 0.19.0-19-g8c6edcc (webtiles) character file.

151 Leszczynek the Scratcher (level 5, 24/24 HPs)
             Began as a Felid Abyssal Knight on Nov 16, 2016.
             Was a Priest of Lugonu.
             Quit the game on level 4 of the Dungeon.
             The game lasted 00:10:10 (4354 turns).

Leszczynek the Scratcher (Felid Abyssal Knight)     Turns: 4354, Time: 00:10:11

Health: 24/24      AC:  2    Str:  8    XL:     5   Next: 11%
Magic:  7/7        EV: 19    Int: 16    God:    Lugonu [***...]
Gold:   240        SH:  0    Dex: 15    Spells: 1 memorised, 3 levels left
                                        Lives:  0   Deaths: 1

rFire  . . .     SeeInvis +       - Unarmed
rCold  . . .     Gourm    .     (armour unavailable)
rNeg   . . .     Faith    .     (shield unavailable)
rPois  .         Spirit   .     (helmet unavailable)
rElec  .         Reflect  .     (cloak unavailable)
rCorr  .         Harm     .     (gloves unavailable)
MR     +....                    (boots unavailable)
Stlth  +++.......               (no amulet)
                                (no ring)
                                b - ring of protection from magic

@: quick
A: no armour, no weapons or thrown items, stealth, claws 1, fangs 3, see
invisible, carnivore 3, speed 1, shaggy fur 2, slow metabolism 1, sharp paws
a: Depart the Abyss, Bend Space, Banish, Renounce Religion


You were on level 4 of the Dungeon.
You worshipped Lugonu.
Lugonu was most pleased with you.
You were not hungry.

You visited 1 branch of the dungeon, and saw 4 of its levels.
You visited the Abyss 1 time.

You collected 240 gold pieces.

Inventory:

Jewellery
 b - a ring of protection from magic (left paw)
Wands
 c - a wand of teleportation (4/9)
Scrolls
 d - a scroll of magic mapping {unknown}
 g - a scroll of recharging
Potions
 e - 2 potions of cure mutation {unknown}
 f - 3 potions of ambrosia
 m - a potion of curing
 p - a potion of might
 r - a potion of brilliance
Books
 l - a book of Necromancy

   Spells                             Type                      Level
   a - Pain                           Necromancy                   1
   b - Animate Skeleton               Necromancy                   1
   c - Vampiric Draining              Necromancy                   3
   d - Regeneration                   Charms/Necromancy            3
   e - Animate Dead                   Necromancy                   4
   f - Control Undead                 Necromancy                   4
Comestibles
 a - 3 meat rations
 i - a beef jerky
 j - 6 chunks of flesh
 k - a royal jelly
 q - a slice of pizza


   Skills:
 - Level 3.0 Fighting
 + Level 4.1 Dodging
 + Level 3.8 Stealth
 * Level 5.4 Unarmed Combat
 - Level 1.7 Invocations


You had 3 spell levels left.
You knew the following spells:

 Your Spells              Type           Power        Failure   Level  Hunger
a - Animate Skeleton      Necr           N/A          24%         1    ##.....


Dungeon Overview and Level Annotations

Branches:
Dungeon (4/15)             Temple (0/1) D:4

Altars:
Nemelex Xobeh

Annotations:
D:3 exclusions: orc and orc priest, Grinder; bombpersons's ghost, amateur OpWn
D:4 Dowan; Duvessa; Haldmier's ghost, novice HESk


Innate Abilities, Weirdness & Mutations

You cannot wear armour.
You are incapable of wielding weapons or throwing items.
Your paws allow you to move quietly. (Stealth)
You have sharp claws.
You have razor-sharp teeth.
You have supernaturally acute eyesight. (SInv)
You are carnivorous and can eat meat at any time.
You cover ground quickly.
You are covered in thick fur. (AC +2)
You have a slow metabolism.
Your sharp claws are effective at attacking unaware monsters.


Message History

You scratch the jackal.
You kill the jackal!
Lugonu accepts your kill.
You barely miss the jackal. The jackal completely misses you.
Duvessa opens the door.
The jackal misses you.
An ogre comes into view. It is wielding a giant spiked club.
Dowan, Brother of Duvessa comes into view.
He is wielding a dagger.
Duvessa shouts!
Duvessa hits you with a rapier.
Dowan shouts!
The ogre shouts!
There is an open door here.
A bullfrog skeleton comes into view.
Unknown command.
The ogre hits you with a giant spiked club!!
Ouch! That really hurt!
You die...
You are now level 5!
You rejoin the land of the living...
Enter note: oh well, i can do this too Are you sure you want to abandon this character and quit the game? (Confirm with "yes".)

#.#.....#.# #.#####.#.#
###.#.......#
########...#.#...###
#.....!#.#...#.#####
#......#.#.........#
#......#.#..##.###.#
#......#.#...#.# #.###
############....@.#.#..##.# #.##.
...............(>##.......# #.##.
.......######.##.############.##.
.......# #...............)....
.......# #######.###########)####
)......+ ... #.# #..... .......#
#<# #.# #.#### .......# #.# ..#
### ..%.[..# #.# ..#


There were no monsters in sight!

Vanquished Creatures
  An orc priest (D:3)
  A bullfrog skeleton (D:3)
  An orc wizard (D:4)
  An iguana (D:4)
  A worker ant (D:4)
  6 adders
  An ooze (D:2)
  3 worms
  A dart slug (D:1)
  2 leopard geckos
  8 orcs
  3 ball pythons
  3 giant cockroaches
  5 goblins
  10 hobgoblins
  6 jackals
  6 kobolds
  3 quokkas (D:3)
  7 bats
  3 frilled lizards
  6 rats
78 creatures vanquished.

Notes
Turn   | Place    | Note
-------+----------+-------------------------------------------
     0 | Abyss:1  | Leszczynek the Felid Abyssal Knight began the quest for the Orb.
     0 | Abyss:1  | Reached XP level 1. HP: 10/10 MP: 3/3
    77 | Abyss:1  | Noticed a large abomination
    91 | D:1      | Escaped the Abyss
   157 | D:1      | Reached skill level 1 in Stealth
   249 | D:1      | Reached skill level 2 in Stealth
   323 | D:1      | Reached XP level 2. HP: 14/14 MP: 4/4
   616 | D:1      | Reached skill level 3 in Stealth
   996 | D:1      | Reached ** piety under Lugonu
  1215 | D:2      | Reached XP level 3. HP: 17/17 MP: 5/5
  1642 | D:2      | Reached skill level 3 in Unarmed Combat
  1649 | D:2      | Found a faded altar of an unknown god.
  1800 | D:2      | Reached XP level 4. HP: 13/21 MP: 6/6
  2238 | D:2      | Found a sparkling altar of Nemelex Xobeh.
  2381 | D:3      | Noticed bombpersons's ghost (amateur OpWn)
  2475 | D:3      | Reached *** piety under Lugonu
  2484 | D:3      | Noticed Grinder
  2537 | D:3      | Reached skill level 4 in Unarmed Combat
  2574 | D:3      | Reached XP level 5. HP: 9/24 MP: 7/7
  3146 | D:3      | Reached skill level 5 in Unarmed Combat
  3853 | D:4      | Noticed Haldmier's ghost (novice HESk)
  3889 | D:3      | Learned a level 1 spell: Animate Skeleton
  4125 | D:4      | Reached skill level 4 in Dodging
  4257 | D:4      | Gained mutation: You are covered in thick fur. (AC +2) [Felid growth]
  4257 | D:4      | Reached XP level 6. HP: 28/28 MP: 8/8
  4286 | D:4      | Found a staircase to the Ecumenical Temple.
  4349 | D:4      | Noticed Duvessa
  4349 | D:4      | Noticed Dowan
  4353 | D:4      | Slain by an ogre
  4354 | D:4      | Reached XP level 5. HP: 0/24 MP: 7/7
  4354 | D:4      | oh well, i can do this too
  4354 | D:4      | Quit the game

Skill      XL: |  1  2  3  4  5 |
---------------+----------------+-----
Stealth        | 2 3 |  3.8
Unarmed Combat | 3 4 5 |  5.4
Dodging        | 4 |  4.1
Fighting       | |  3.0
Invocations    | |  1.7

Action                   |  1- 3 |  4- 6 || total
-------------------------+-------+-------++-------
Melee: Unarmed           |   114 |   106 ||   220
       Bite              |    10 |     8 ||    18
       Punch             |     2 |     3 ||     5
  Use: Potion            |       |     4 ||     4
       Scroll            |       |     8 ||     8
 Stab: Sleeping          |     8 |    14 ||    22
       Distracted        |     2 |       ||     2
       Invisible         |       |     5 ||     5
  Eat: Chunk             |     9 |     5 ||    14
Armor: Skin              |     5 |     3 ||     8
Dodge: Dodged            |    93 |    55 ||   148
